 Dungeon Crawl Stone Soup version 0.26.1-11-gd32895ea62 (webtiles) character file.

Game seed: 14420880656396602754

287 Zeld the Cudgeller (level 6, -6/39 HPs)
             Began as an Octopode Warper on May 16, 2021.
             Killed from afar by Dowan (14 damage)
             ... with a puff of flame
             ... on level 4 of the Dungeon.
             The game lasted 00:07:47 (4817 turns).

Zeld the Cudgeller (Octopode Warper)                Turns: 4817, Time: 00:07:49

Health: -6/39      AC:  1    Str: 12    XL:     6   Next: 30%
Magic:  11/11      EV: 13    Int: 16    God:
Gold:   86         SH:  5    Dex: 11    Spells: 0/11 levels left

rFire    . . .     SeeInvis .   q - +2 mace (holy)
rCold    . . .     Faith    .   (no shield)
rNeg     . . .     Spirit   .   (helmet restricted)
rPois    .         Reflect  +   i - amulet of reflection
rElec    .         Harm     .   k - ring of stealth
rCorr    .         Rampage  .   (no ring)
Will     .....                  (no ring)
Stlth    +++.......             (no ring)
HPRegen  0.13/turn              (no ring)
MPRegen  0.12/turn              (no ring)
                                (no ring)
                                (no ring)

@: about to teleport
A: almost no armour, stealthy swim, amphibious, 8 rings, constrict 8, camouflage
1, gelatinous body 1
a: no special abilities


You were on level 4 of the Dungeon.
You visited 1 branch of the dungeon, and saw 4 of its levels.

You collected 141 gold pieces.
You spent 55 gold pieces at shops.

Inventory:

Hand Weapons
 a - a +2 mace
 q - a +2 mace of holy wrath (weapon)
Missiles
 b - 5 boomerangs of dispersal (quivered)
Jewellery
 i - an amulet of reflection (around mantle)
 k - a ring of stealth (left tentacle)
Wands
 r - a wand of random effects (9)
Scrolls
 d - a scroll of magic mapping
 e - a scroll of teleportation
 g - 4 scrolls of remove curse
 p - a scroll of amnesia
Potions
 j - 2 potions of magic
 o - 2 potions of brilliance
 s - a potion of degeneration {unknown}
 t - a potion of might
 u - a potion of attraction {unknown}


   Skills:
 - Level 2.0 Fighting
 * Level 4.8 Maces & Flails
 - Level 1.0 Throwing
 - Level 2.3 Dodging
 + Level 3.3 Spellcasting
 + Level 4.2 Translocations


You couldn't memorise any spells.
You knew the following spells:

 Your Spells              Type           Power        Failure   Level
a - Blink                 Tloc           N/A          4%          2
b - Gell's Gravitas       Tloc           8%           10%         3
c - Lesser Beckoning      Tloc           8%           10%         3
d - Teleport Other        Tloc           16%          10%         3

Your spell library contained the following spells:

 Spells                   Type           Power        Failure   Level
 Passage of Golubria      Tloc           N/A          32%         4


Dungeon Overview and Level Annotations

Branches:
Dungeon (4/15)
 Temple: D:4-7

Altars:
Qazlal

Shops:
D:4 *

Annotations:
D:4 Dowan, Duvessa


Innate Abilities, Weirdness & Mutations

You cannot wear most types of armour.
You are very stealthy in the water. (Stealth+)
You are amphibious.
You can wear up to eight rings at the same time.
You can use your tentacles to constrict eight enemies at once.
Your skin changes colour to match your surroundings (Stealth+).
Your rubbery body absorbs attacks. (AC +1, EV +1)


Message History

You start resting.
Duvessa is nearby!
Duvessa is nearby!
Okay, then.
Okay, then.
You see here a hunting sling.
Dowan mumbles some strange words.
Dowan blinks!
You completely miss Dowan. Your grab misses Dowan.
Duvessa drinks a potion.
Duvessa seems to grow stronger.
You block Dowan's attack.
You closely miss Dowan. You grab Dowan. You constrict Dowan, but do no damage.
Duvessa says, "Practise, practise, practise!
One day you'll be as good as me." You block Dowan's attack.
As you read the scroll of teleportation, it crumbles to dust.
You feel strangely unstable.
You constrict Dowan.
Duvessa hits you with a +0 short sword!!
* * * LOW HITPOINT WARNING * * *
Dowan gestures at you while chanting. The puff of flame hits you!
You die...

.## #####...#..
#..........
#)###...##. #.#
.## #)# .. ###
#.# ## ..# #e#
#.# #@# # #.#
#e# #.#. #.#
#.#
#.#.##.###.##.
##..gg.........
..?.#..# #.#
#.g#gg# #.#
#.?#..###.#
#####......†..#


You could see Duvessa (strong) and Dowan.

Vanquished Creatures
  2 orc wizards (D:3)
  Jessica (D:3)
  Natasha (thrice) (D:3)
  A gnoll (D:4)
  5 adders
  2 dart slugs (D:1)
  A leopard gecko (D:3)
  10 orcs
  4 ball pythons
  3 giant cockroaches
  5 goblins
  6 hobgoblins
  2 jackals (D:1)
  7 kobolds
  8 bats
  3 frilled lizards
  9 rats
72 creatures vanquished.

Notes
Turn   | Place    | Note
-------+----------+-------------------------------------------
     0 | D:1      | Zeld the Octopode Warper began the quest for the Orb.
     0 | D:1      | Reached XP level 1. HP: 14/14 MP: 3/3
   111 | D:1      | Reached XP level 2. HP: 10/19 MP: 5/5
   114 | D:1      | Learned a level 2 spell: Blink
  1035 | D:1      | Reached XP level 3. HP: 24/24 MP: 6/6
  1039 | D:1      | Learned a level 3 spell: Gell's Gravitas
  1847 | D:2      | Reached XP level 4. HP: 10/29 MP: 7/7
  1853 | D:2      | Learned a level 3 spell: Lesser Beckoning
  3041 | D:3      | Found a stormy altar of Qazlal.
  3074 | D:3      | Reached XP level 5. HP: 22/34 MP: 9/9
  3266 | D:3      | Noticed Jessica
  3273 | D:3      | Killed Jessica
  3364 | D:3      | Noticed Natasha
  3370 | D:3      | Killed Natasha
  3558 | D:3      | Noticed Natasha
  3568 | D:3      | Killed Natasha
  3772 | D:3      | Reached XP level 6. HP: 19/39 MP: 10/10
  3787 | D:3      | Learned a level 3 spell: Teleport Other
  4183 | D:3      | Noticed Natasha
  4195 | D:3      | Killed Natasha
  4425 | D:4      | Found Noqim's Assorted Antiques.
  4430 | D:4      | Bought a scroll labelled GOHEAMINAI for 29 gold pieces
  4430 | D:4      | Bought a black potion for 26 gold pieces
  4464 | D:4      | Noticed Duvessa
  4464 | D:4      | Noticed Dowan
  4817 | D:4      | Killed from afar by Dowan

Illustrated notes

Levels and vault maps discovered:
D:1:      enne_arrival_octagon_isle, layout_basic, minmay_octomino_c4
D:2:      layout_rooms
D:3:      layout_basic, nicolae_qazlal_eye_of_the_storm, uniq_jessica,
          uniq_natasha
D:4:      layout_loops_ring, overflow_temple_1_default, serial_shops,
          nicolae_shop_stone, uniq_duvessa, uniq_eustachio

Skill      XL: |  1  2  3  4  5 |
---------------+----------------+-----
Maces & Flails | 3 4 |  4.8
Spellcasting   | 3 |  3.3
Translocations | 4 |  4.2
Fighting       | |  2.0
Throwing       | |  1.0
Dodging        | |  2.3

Action                   |  1- 3 |  4- 6 || total
-------------------------+-------+-------++-------
Melee: Mace              |    74 |    96 ||   170
       Constrict         |    26 |    26 ||    52
       Tentacles         |    10 |    14 ||    24
 Cast: Gell's Gravitas   |       |     3 ||     3
       Teleport Other    |       |     2 ||     2
  Use: Scroll            |       |    16 ||    16
       Potion            |       |     1 ||     1
 Stab: Sleeping          |     1 |     6 ||     7
Armor: Skin              |     6 |     9 ||    15
Dodge: Dodged            |    53 |    44 ||    97
Block: Other             |    15 |    20 ||    35
